 Dungeon Crawl Stone Soup version 0.20.1-1-g8b1a95d (webtiles) character file.

389 Irenicus the Cudgeler (level 6, -6/53 HPs)
             Began as a Troll Chaos Knight on Nov 6, 2017.
             Mangled by a hornet zombie (13 damage)
             ... on level 5 of the Dungeon.
             The game lasted 00:04:11 (875 turns).

Irenicus the Cudgeler (Troll Chaos Knight)           Turns: 875, Time: 00:04:12

Health: -6/53      AC:  7    Str: 21    XL:     6   Next: 50%
Magic:  5/5        EV: 10    Int:  8    God:    Xom [..*...]
Gold:   110        SH:  0    Dex: 11    Spells: 5/5 levels left

rFire    . . .     SeeInvis .   a - +0 mace (chaos)
rCold    . . .     Gourm    +   (no shield)
rNeg     . . .     Faith    .   b - +2 robe
rPois    .         Spirit   .   (helmet restricted)
rElec    .         Reflect  .   (no cloak)
rCorr    .         Harm     .   (gloves unavailable)
MR       .....                  (boots unavailable)
Stlth    +.........             (no amulet)
Regen    0.6/turn               (no ring)
MPRegen  0.1/turn               (no ring)

@: no status effects
A: unfitting armour, claws 3, talons 2, fast metabolism 3, frail 1, gourmand,
regeneration 1, shaggy fur 1, tough skin 2
a: Renounce Religion


You were on level 5 of the Dungeon.
You worshipped Xom.
You were a toy of Xom.
You were hungry.

You visited 1 branch of the dungeon, and saw 5 of its levels.

You collected 110 gold pieces.

Inventory:

Hand Weapons
 a - a +0 mace of chaos (weapon)
Armour
 b - a +2 robe (worn)
Wands
 n - a wand of iceblast (5/15)
Scrolls
 d - a scroll of recharging {unknown}
 e - a scroll of teleportation {unknown}
 g - a scroll of random uselessness {unknown}
 i - a scroll of remove curse {unknown}
 j - a scroll of enchant weapon {unknown}
 k - a scroll of identify {unknown}
Potions
 m - a potion of haste {unknown}
Comestibles
 c - 3 bread rations


   Skills:
 - Level 2.4 Fighting
 + Level 6.8 Maces & Flails
 - Level 1.9 Dodging


You had 5 spell levels left.
You didn't know any spells.

Dungeon Overview and Level Annotations

Branches:
Dungeon (5/15)
 Temple: D:4-7

Altars:
Elyvilon
Kikubaaqudgha

Annotations:
D:2 1 transporter


Innate Abilities, Weirdness & Mutations

You are too large for most types of armour.
You have claws for hands.
Your metabolism is lightning-fast.
You like to eat raw meat.
Your natural rate of healing is unusually fast.
You are covered in fur. (AC +1)
You have very tough skin. (AC +2)
You have razor-sharp toenails.
You are frail. (-10% HP)


Message History

Xom thinks this is hilarious!
Something hits you.
* * * LOW HITPOINT WARNING * * *
Something hits you.
* * * LOW HITPOINT WARNING * * *
It was a potion of curing.
You feel better. Something hits you.
* * * LOW HITPOINT WARNING * * *
Something completely misses you.
You miss something. You claw something! Something hits you.
* * * LOW HITPOINT WARNING * * *
Something hits you!
* * * LOW HITPOINT WARNING * * *
It was a potion of heal wounds.
You feel much better.
Xom roars with laughter!
Something hits you. Something hits you!
* * * LOW HITPOINT WARNING * * *
You closely miss something. You claw something. Something hits you.
* * * LOW HITPOINT WARNING * * *
Something hits you!
You die...

# #.# .... # ####.#
##### # #....# # #.####
# #.# ####.#
..##.##########
..............#######.#
.(....######....@{....#
..##....................
..##.#######..##########
####.# #..# #.# #..# #.#
#### #.# #.


There were no monsters in sight!

Vanquished Creatures
  A phantom (D:5)
  A bullfrog (D:4)
  A bullfrog zombie (D:5)
  A hound (D:2)
  2 jellies (D:5)
  2 orc wizards (D:3)
  Robin (D:2)
  An adder (D:5)
  A howler monkey skeleton (D:5)
  A leopard gecko (D:2)
  4 orcs
  A bat (D:2)
  A giant cockroach (D:2)
  10 goblins (D:2)
  4 jackals (D:2)
  A quokka (D:4)
  A frilled lizard (D:2)
  A giant cockroach zombie (D:2)
  3 kobolds
  A leopard gecko skeleton (D:2)
  A rat (D:2)
40 creatures vanquished.

Notes
Turn   | Place    | Note
-------+----------+-------------------------------------------
     0 | D:1      | Irenicus the Troll Chaos Knight began the quest for the Orb.
     0 | D:1      | Reached XP level 1. HP: 22/22 MP: 0/0
    83 | D:1      | You fall through a shaft!
    83 | D:2      | Found a transporter.
    86 | D:2      | Noticed a hound
    93 | D:2      | Reached skill level 3 in Maces & Flails
    95 | D:2      | Found an ancient bone altar of Kikubaaqudgha.
   107 | D:2      | Killed a hound
   107 | D:2      | Reached XP level 2. HP: 16/29 MP: 1/1
   107 | D:2      | Reached XP level 3. HP: 20/36 MP: 2/2
   121 | D:2      | Found a transporter.
   139 | D:2      | XOM: harmless Chrm miscast
   221 | D:2      | Reached skill level 4 in Maces & Flails
   256 | D:2      | Noticed Robin
   275 | D:2      | XOM: harmless Summ miscast
   287 | D:2      | Killed Robin
   414 | D:2      | Reached XP level 4. HP: 44/44 MP: 3/3
   485 | D:3      | XOM: silly message
   495 | D:3      | Reached skill level 5 in Maces & Flails
   551 | D:4      | XOM: noise
   558 | D:4      | Noticed a bullfrog
   566 | D:4      | Killed a bullfrog
   566 | D:4      | Reached XP level 5. HP: 36/50 MP: 4/4
   581 | D:5      | Entered Level 5 of the Dungeon
   631 | D:5      | Reached skill level 6 in Maces & Flails
   637 | D:5      | Found a white marble altar of Elyvilon.
   639 | D:5      | Reached XP level 6. HP: 41/59 MP: 5/5
   686 | D:5      | XOM: cast spell 'Leda's Liquefaction'
   713 | D:5      | XOM: smoke on damage
   871 | D:5      | Gained mutation: You are frail. (-10% HP) [potion of mutation]
   871 | D:5      | Gained mutation: You have sharp toenails. [potion of mutation]
   871 | D:5      | Gained mutation: You have razor-sharp toenails. [potion of mutation]
   875 | D:5      | Mangled by a hornet zombie

Skill      XL: |  1  2  3  4  5 |
---------------+----------------+-----
Maces & Flails | 3 4 5 6 |  6.8
Fighting       | |  2.4
Dodging        | |  1.9

Action                   |  1- 3 |  4- 6 || total
-------------------------+-------+-------++-------
Melee: Mace              |    66 |   124 ||   190
       Kick              |       |     2 ||     2
  Use: Potion            |       |     3 ||     3
  Eat: Chunk             |     5 |       ||     5
Armor: Robe              |    46 |    47 ||    93
Dodge: Dodged            |    49 |    41 ||    90
